cohdb
Replays
Latest Replays
All Replays
Popular Replays
Top Player Replays
Match Explorer
How It Works
Community
CoH3 Stats
Reddit
Sign in to upload your games and track your stats! →
Sign in with Steam
Match 35291234
Unlisted
Match 35291234
Overview
Messages
Build Orders
End
Royal Engineer Section
Vickers Machine Gun Team
Vickers Machine Gun Team
Vickers Machine Gun Team
Construct Field Infirmary
Construct Section Command Post
Selects Air and Sea Battlegroup
Selects Supply Surplus
Construct Field Infirmary
Forward Retreat Point
Construct Platoon Command Post
Humber Armored Car
Humber Armored Car
Royal Engineer Section
Selects Commando Section Paradrop
Commando Section Paradrop
Light Vehicle Training
Commando Section Paradrop
6-pounder Anti-tank Gun Team
Selects Commando Support Section Paradrop
Selects Anti-tank Rocket Loiter
Anti-tank Rocket Loiter
6-pounder Anti-tank Gun Team
Commando Support Section Paradrop
Pixel
➌λλλ ➌λλλ ➌λλλ
YoSleepy
Kwarzym
PakeTuertO
mimq
0
0
Comments
sign in to comment!
No comments posted yet!